 Dungeon Crawl Stone Soup version 0.26.0-10-g1f06aea511 (webtiles) character file.

Game seed: 12255385801277296903

1331 Arum the Shield-Bearer (level 8, -8/57 (65) HPs)
             Began as a Formicid Fighter on Jan 22, 2021.
             Was a Follower of Makhleb.
             Mangled by a wight
             ... wielding a +2 great sword
              (10 damage)
             ... on level 6 of the Dungeon.
             The game lasted 00:06:47 (6478 turns).

Arum the Shield-Bearer (Formicid Fighter)           Turns: 6478, Time: 00:06:47

HP:   -8/57 (65)    AC:  7    Str: 23    XL:     8   Next: 92%
MP:   8/8           EV:  9    Int: 14    God:    Makhleb [*.....]
Gold: 294           SH: 11    Dex: 10    Spells: 7/7 levels left

rFire    . . .     SeeInvis +   y - +2 Maxwell's thermic engine {flame, freeze}
rCold    . . .     Faith    .   c - +0 kite shield
rNeg     . . .     Spirit   .   b - +0 scale mail
rPois    +         Reflect  .   (helmet unavailable)
rElec    .         Harm     .   (no cloak)
rCorr    .         Rampage  .   (no gloves)
Will     .....                  (no boots)
Stlth    ..........             n - amulet of the acrobat
HPRegen  0.19/turn              s - +6 ring of intelligence
MPRegen  0.11/turn              t - ring of poison resistance

@: heavily drained
A: permanent stasis, dig shafts and tunnels, four strong arms, antennae 3
a: Dig, Shaft Self, Renounce Religion


You were on level 6 of the Dungeon.
You worshipped Makhleb.
Makhleb was aware of your devotion.
You visited 1 branch of the dungeon, and saw 7 of its levels.

You collected 294 gold pieces.

Inventory:

Hand Weapons
 a - a +0 quarterstaff
 y - the +2 Maxwell's thermic engine (weapon) {flame, freeze}
   (You found it on level 4 of the Dungeon)

   It has been specially enchanted to burn those struck by it, causing extra
   injury to most foes and up to half again as much damage against particularly
   susceptible opponents.
   Big, fiery blades are also staple armaments of hydra-hunters.
   It has been specially enchanted to freeze those struck by it, causing extra
   injury to most foes and up to half again as much damage against particularly
   susceptible opponents.
Missiles
 k - 3 javelins
Armour
 b - a +0 scale mail (worn)
 c - a +0 kite shield (worn)
Jewellery
 n - an amulet of the acrobat (around neck)
 s - a +6 ring of intelligence (left hand)
 t - a ring of poison resistance (right hand)
Scrolls
 e - 6 scrolls of remove curse {unknown}
 h - a scroll of random uselessness {unknown}
 j - 7 scrolls of identify {unknown}
 l - 3 scrolls of enchant weapon {unknown}
 m - 3 scrolls of enchant armour {unknown}
 p - 2 scrolls of teleportation {unknown}
 r - a scroll of noise {unknown}
 u - 2 scrolls of amnesia {unknown}
 w - a scroll of magic mapping {unknown}
Potions
 d - a potion of might
 f - a potion of berserk rage {unknown}
 g - 2 potions of curing
 i - a potion of lignification {unknown}
 o - a potion of mutation {unknown}
 q - a potion of haste {unknown}
 v - a potion of flight {unknown}
 x - a potion of cancellation {unknown}
 z - a potion of brilliance {unknown}
 A - a potion of invisibility {unknown}
 B - 2 potions of degeneration {unknown}


   Skills:
 + Level 6.4 Fighting
 * Level 5.1 Long Blades
 - Level 3.9 Staves
 - Level 5.0 Armour
 + Level 7.0 Shields


You had 7 spell levels left.
You didn't know any spells.
Your spell library contained the following spells:

 Spells                   Type           Power        Failure   Level
 Shock                    Conj/Air       0%           71%         1
 Static Discharge         Conj/Air       0%           97%         3
 Airstrike                Air            0%           100%        4
 Lightning Bolt           Conj/Air       0%           100%        5
 Swiftness                Air            Unusable     N/A         2

Dungeon Overview and Level Annotations

Branches:
Dungeon (7/15)
 Temple: D:4-7

Altars:
Elyvilon
Makhleb
Sif Muna
Uskayaw

Shops:
D:4 *

Annotations:
D:7 4 runed translucent doors


Innate Abilities, Weirdness & Mutations

You cannot be hasted, slowed, berserked, paralysed or teleported.
You can dig through walls and to a lower floor.
Your four strong arms can wield two-handed weapons with a shield.
You have a pair of large antennae on your head. (SInv)


Message History

The wight is severely damaged.
You closely miss the wight.
The wight is severely damaged.
You block the wight's attack.
You barely miss the wight.
The wight is severely damaged.
The wight hits you with a +2 great sword!
* * * LOW HITPOINT WARNING * * *
You feel drained.
* * * LOW HITPOINT WARNING * * *
You hit the wight but do no damage.
The wight is heavily damaged.
The wight hits you with a +2 great sword!
* * * LOW HITPOINT WARNING * * *
You feel drained.
* * * LOW HITPOINT WARNING * * *
You closely miss the wight.
The wight is heavily damaged.
The wight hits you with a +2 great sword!
You die...

##########
........z######
.......@#.z...#
........#.....#
........#.....#
........#.....#
##......#..÷..#
#......#.÷...#
#......#..>..#
#....#......#.....#
#....#......#.....#


You could see a wight.

Vanquished Creatures
  Duvessa (D:6)
  A hornet zombie (D:7)
  A necrophage (D:7)
  A centaur (D:5)
  2 bullfrogs (D:7)
  Dowan (D:6)
  2 wights (D:6)
  A howler monkey (D:6)
  2 bullfrog zombies
  3 orc priests (D:4)
  3 orc wizards
  2 centaur skeletons
  A hound (D:6)
  2 worker ants (D:4)
  A worker ant zombie (D:5)
  4 gnolls
  11 adders
  A shadow imp (D:7)
  A white imp (D:5)
  An ufetubus (D:7)
  3 worms
  4 dart slugs (D:1)
  3 leopard geckos
  17 orcs
  5 giant cockroaches
  8 goblins
  5 hobgoblins
  7 jackals
  6 kobolds
  3 quokkas
  4 ball pythons
  4 bats
  3 frilled lizards
  A leopard gecko skeleton (D:4)
  12 rats
127 creatures vanquished.

Vanquished Creatures (others)
  2 plants (D:5)
2 creatures vanquished.

Grand Total: 129 creatures vanquished

Notes
Turn   | Place    | Note
-------+----------+-------------------------------------------
     0 | D:1      | Arum the Formicid Fighter began the quest for the Orb.
     0 | D:1      | Reached XP level 1. HP: 18/18 MP: 1/1
   441 | D:1      | Reached XP level 2. HP: 14/24 MP: 2/2
   797 | D:1      | Reached XP level 3. HP: 25/29 MP: 3/3
   839 | D:1      | Reached skill level 4 in Shields
  1272 | D:1      | Reached XP level 4. HP: 31/37 MP: 4/4
  1971 | D:2      | Found a shimmering blue altar of Sif Muna.
  2143 | D:2      | Reached XP level 5. HP: 28/42 MP: 5/5
  3038 | D:4      | Found a white marble altar of Elyvilon.
  3342 | D:4      | Found Hoitru's Elemental Accessories.
  3348 | D:4      | Reached XP level 6. HP: 38/49 MP: 6/6
  3555 | D:4      | Reached skill level 5 in Shields
  3843 | D:4      | Found a burning altar of Makhleb.
  3843 | D:4      | Found a hide-covered altar of Uskayaw.
  3870 | D:4      | Became a worshipper of Makhleb the Destroyer
  4217 | D:4      | Reached XP level 7. HP: 29/55 MP: 7/7
  4616 | D:4      | Reached skill level 5 in Fighting
  4616 | D:4      | Reached skill level 5 in Armour
  4826 | D:4      | Found the +2 Maxwell's thermic engine {flame, freeze}
  5140 | D:5      | Entered Level 5 of the Dungeon
  5150 | D:5      | Reached skill level 1 in Long Blades
  5376 | D:5      | You fall into a shaft and drop 2 floors!
  5389 | D:7      | Reached skill level 6 in Shields
  5440 | D:7      | Reached XP level 8. HP: 57/63 MP: 8/8
  5515 | D:7      | Reached * piety under Makhleb
  5811 | D:7      | Noticed a yak
  5811 | D:7      | Noticed a polar bear
  5812 | D:7      | Found a huge runed translucent gate.
  5812 | D:7      | Noticed a wyvern
  5812 | D:7      | Noticed a polar bear
  5812 | D:7      | Noticed a hog
  5812 | D:7      | Noticed a polar bear
  5813 | D:7      | Found a huge runed translucent gate.
  5813 | D:7      | Found a huge runed translucent gate.
  5813 | D:7      | Found a huge runed translucent gate.
  5813 | D:7      | Noticed a polar bear
  5813 | D:7      | Noticed a polar bear
  5813 | D:7      | Noticed a yak
  5813 | D:7      | Noticed a polar bear
  5813 | D:7      | Noticed a polar bear
  5813 | D:7      | Noticed a manticore
  5813 | D:7      | Noticed a yak
  5814 | D:7      | Noticed a yak
  6099 | D:7      | HP: 2/64 [orc warrior/+0 glaive (9)]
  6357 | D:6      | Noticed Dowan
  6357 | D:6      | Noticed Duvessa
  6377 | D:6      | Killed Duvessa
  6378 | D:6      | Killed Dowan
  6460 | D:6      | Reached skill level 5 in Long Blades
  6460 | D:6      | Reached skill level 7 in Shields
  6477 | D:6      | HP: 2/59 [wight/+2 great sword (13)]
  6478 | D:6      | Mangled by a wight

Illustrated notes

Levels and vault maps discovered:
D:1:      shiori_arrival_elements, layout_loops_ring, minmay_heptomino_l4
D:2:      layout_loops_ring, lemuel_blue_sif_altar
D:3:      layout_rooms, guppyfry_early_lair_pool
D:4:      cheibrodos_pilgrimage, layout_loops_cross, elyvilon_altar_4,
          chequers_temple_overflow_statue_of_worship, nicolae_elemental_shop
D:5:      layout_rooms, kennysheep_mini_moat, kennysheep_mini,
          minmay_temple_entry_mini_moons, gammafunk_ghost_gnarly_gnolls,
          serial_shops, kennysheep_little_box, uniq_crazy_yiuf_cottage
D:6:      layout_gridville, overflow_temple_1_default, uniq_duvessa
D:7:      lemuel_bear_cage, layout_loops_corners, okawaru_humans

Skill      XL: |  1  2  3  4  5  6  7  8 |
---------------+-------------------------+-----
Shields        | 4 5 6 7 |  7.0
Armour         | 4 5 |  5.0
Fighting       | 4 5 6 |  6.4
Staves         | 3 |  3.9
Long Blades    | 3 5 |  5.1

Action                   |  1- 3 |  4- 6 |  7- 9 || total
-------------------------+-------+-------+-------++-------
Melee: Quarterstaff      |   104 |   224 |    27 ||   355
       Double sword      |       |       |    95 ||    95
 Abil: Dig               |       |       |     1 ||     1
  Use: Potion            |       |       |     5 ||     5
Armor: Scale mail        |    42 |    94 |    36 ||   172
Dodge: Dodged            |    37 |    83 |    42 ||   162
Block: Kite shield       |    50 |   152 |    88 ||   290
       Rpst.: Double sword |       |       |     9 ||     9
